 Dungeon Crawl Stone Soup version 0.27.0-65-ge2af304b15 (webtiles) character file.

Game seed: 6291851770732386090

39 Donbassman the Skirmisher (level 3, 0/40 HPs)
             Began as a Troll Wanderer on Aug 19, 2021.
             Slain by Sigmund (7 damage)
             ... on level 2 of the Dungeon.
             The game lasted 00:01:25 (832 turns).

Donbassman the Skirmisher (Troll Wanderer)           Turns: 832, Time: 00:01:25

Health: 0/40       AC:  4    Str: 20    XL:     3   Next: 26%
Magic:  2/2        EV:  9    Int:  9    God:
Gold:   19         SH:  0    Dex:  9    Spells: 2/2 levels left

rFire    . . .     SeeInvis .   a - +2 hand crossbow
rCold    . . .     Faith    .   (no shield)
rNeg     . . .     Spirit   .   e - +0 robe
rPois    .         Reflect  .   (helmet restricted)
rElec    .         Harm     .   (no cloak)
rCorr    .         Rampage  .   (gloves unavailable)
Will     .....                  (boots unavailable)
Stlth    +.........             (no amulet)
HPRegen  1.13/turn              (no ring)
MPRegen  0.08/turn              (no ring)

@: no status effects
A: large, unfitting armour, claws 3, regeneration 1, shaggy fur 1, tough skin 1
a: no special abilities


You were on level 2 of the Dungeon.
You visited 1 branch of the dungeon, and saw 2 of its levels.

You collected 19 gold pieces.

Inventory:

Hand Weapons
 a - a +2 hand crossbow (weapon)
Missiles
 b - 14 bolts (quivered ammo)
Armour
 e - a +0 robe (worn)
Jewellery
 j - an amulet of regeneration
Scrolls
 d - 5 scrolls of teleportation
 f - a scroll of enchant armour {unknown}
 g - a scroll of holy word {unknown}
 h - 3 scrolls of identify {unknown}
 l - a scroll of brand weapon {unknown}
 n - a scroll of blinking {unknown}
 p - a scroll of noise {unknown}
Potions
 c - a potion of lignification
 i - a potion of heal wounds {unknown}
 k - a potion of cancellation {unknown}
 m - a potion of resistance {unknown}
 o - a potion of berserk rage {unknown}


   Skills:
 + Level 4.6 Fighting
 + Level 1.0 Maces & Flails
 + Level 1.7 Crossbows
 + Level 1.0 Throwing
 + Level 0.1 Stealth
 + Level 1.0 Evocations


You had 2 spell levels left.
You didn't know any spells.
Your spell library was empty.

Dungeon Overview and Level Annotations

Branches:
Dungeon (2/15)

Altars:

Annotations:
D:2 Sigmund


Innate Abilities, Weirdness & Mutations

You are too large for most types of armour.
You have claws for hands.
Your natural rate of healing is unusually fast.
You are covered in fur. (AC +1)
You have tough skin. (AC +1)


Message History

Sigmund is nearby!
You're too confused to move!
Sigmund misses you.
Sigmund is nearby!
You bump into the rock wall.
Sigmund gestures at you while chanting. The magic dart hits you.
You bump into the rock wall.
You feel less confused.
Sigmund points at you and mumbles some strange words.
You are confused.
Sigmund is nearby!
Sigmund is nearby!
Sigmund is nearby!
Sigmund is nearby!
Sigmund closely misses you. Sigmund hits you with a +0 scythe.
You're too confused to move!
Sigmund hits you with a +0 scythe!
You clumsily bash Sigmund but do no damage.
Sigmund hits you with a +0 scythe! Sigmund barely misses you.
You bump into the rock wall.
Sigmund completely misses you. Sigmund gestures at you while chanting.
The magic dart hits you!
* * * LOW HITPOINT WARNING * * *
You bump into the rock wall.
You feel less confused. Sigmund barely misses you.
Sigmund hits you with a +0 scythe.
You barely miss Sigmund. Sigmund closely misses you.
You barely miss Sigmund. Sigmund casts a spell at you. The magic dart hits you.
Sigmund mumbles some strange words.
Sigmund flickers and vanishes!
Deactivating autopickup; reactivate with Ctrl-A.
You clumsily bash something but do no damage.
Something hits you!
* * * LOW HITPOINT WARNING * * *
You clumsily bash something but do no damage.
Something hits you!
You die...

..# #..# .. ..# #..# .
..### #..# # ###...###
#..# # ........# #..# #
.##.#.#.# #..#
##.##<#.#.####..# #######
...##...........##......#
..##............@..#
......#.#.#####{####
........#.# #.######
.....####.# #......#
#.#### #.# ######.# #.#
#.# #.# #.# #.# #.# #.#
#.#


There were no monsters in sight!

Vanquished Creatures
  An adder (D:2)
  A worm (D:2)
  3 endoplasms (D:1)
  2 giant cockroaches (D:1)
  3 goblins (D:1)
  2 hobgoblins (D:1)
  4 jackals (D:1)
  4 ball pythons (D:1)
  A bat (D:1)
  2 frilled lizards (D:1)
  3 rats (D:1)
26 creatures vanquished.

Notes
Turn   | Place    | Note
-------+----------+-------------------------------------------
     0 | D:1      | Donbassman the Troll Wanderer began the quest for the Orb.
     0 | D:1      | Donbassman set off with the following items: a +2 hand
                  | crossbow, 21 bolts, a potion of lignification, a scroll of
                  | teleportation, a +0 robe
     0 | D:1      | Reached XP level 1. HP: 24/24 MP: 0/0
   158 | D:1      | Reached XP level 2. HP: 33/33 MP: 1/1
   768 | D:2      | Reached XP level 3. HP: 40/40 MP: 2/2
   806 | D:2      | Noticed Sigmund
   832 | D:2      | Slain by Sigmund

Illustrated notes

Levels and vault maps discovered:
D:1:      minmay_arrival_semitransparent, layout_loops_cross,
          minmay_tiny_reverse_x
D:2:      layout_loops_ring, ebering_ecumenical_altar_webs, skrybe_limestone_x,
          uniq_sigmund

Action                   || total
-------------------------++-------
Melee: Hand crossbow     ||     6
 Fire: Hand crossbow     ||    55
Armor: Robe              ||     4
Dodge: Dodged            ||    23
